 Dungeon Crawl Stone Soup version 0.30-a0-632-g346586fe48 (webtiles) character file.

Game seed: 6929367713006209659

277 sokol815 the Firebug (level 6, -5/36 HPs)
             Began as an Octopode Fire Elementalist on Jan 14, 2023.
             Was an Initiate of Gozag.
             Slain by Pikel
             ... wielding a +2 whip of flaming
              (13 damage)
             ... on level 4 of the Dungeon.
             The game lasted 00:07:53 (4550 turns).

sokol815 the Firebug (Octopode Fire Elementalist)   Turns: 4550, Time: 00:07:53

Health: -5/36      AC:  1    Str:  7    XL:     6   Next: 25%
Magic:  8/11       EV: 13    Int: 19    God:    Gozag
Gold:   165        SH:  0    Dex: 13    Spells: 10/11 levels left

rFire   . . .      SeeInvis .    a - +2 dagger (venom)
rCold   . . .      Faith    .    (no shield)
rNeg    . . .      Spirit   .    (helmet restricted)
rPois   +          Reflect  .    (no amulet)
rElec   .          Harm     .    P - ring of poison resistance {rPois, !d}
rCorr   .          Rampage  .    (no ring)
Will    .....                    (no ring)
Stlth   +++                      (no ring)
HPRegen 0.26/turn                (no ring)
MPRegen 0.12/turn                (no ring)
                                 (no ring)
                                 (no ring)

@: hasted, very quick
A: almost no armour, amphibious, 8 rings, camouflage 1, gelatinous body 1,
(nimble swimmer 1), tentacles
a: Renounce Religion, Potion Petition, Call Merchant, Bribe Branch


You were on level 4 of the Dungeon.
You worshipped Gozag.
Gozag was aware of your devotion.
You visited 2 branches of the dungeon, and saw 5 of its levels.

You collected 211 gold pieces.
You paid 46 gold pieces to Gozag.

Inventory:

Hand Weapons
 a - a +2 dagger of venom (weapon)
   (You found it on level 1 of the Dungeon)
 b - a +0 dagger
   (You took it off a kobold on level 1 of the Dungeon)
 c - a +2 short sword of holy wrath
   (You took it off a kobold on level 3 of the Dungeon)
 d - a +2 dagger of holy wrath
   (You took it off an orc wizard on level 3 of the Dungeon)
 i - a +1 dagger of venom
   (You took it off an orc priest on level 4 of the Dungeon)
Missiles
 s - 28 stones
Magical Staves
 h - a staff of earth
   (You found it on level 4 of the Dungeon)
Jewellery
 P - a ring of poison resistance (left tentacle) {rPois, !d}
   (You found it on level 1 of the Dungeon)
Scrolls
 e - a scroll of amnesia
 g - a scroll of identify {@r1}
 k - a scroll of enchant weapon {unknown}
 l - a scroll of fog {unknown}
 D - a scroll of blinking {!r}
 Y - 2 scrolls of teleportation {@r3}
Potions
 f - 2 potions of attraction {!q}
 j - a potion of flight {unknown}
 B - a potion of brilliance
 G - a potion of ambrosia {!q}
 H - a potion of haste
 J - 2 potions of curing {@q1}
 M - a potion of magic
 T - a potion of berserk rage {!q}


   Skills:
 - Level 2.0 Dodging
 - Level 2.8 Stealth
 + Level 3.3 Spellcasting
 + Level 4.1 Conjurations
 + Level 4.2 Fire Magic


You had 10 spell levels left.
You knew the following spells:

 Your Spells              Type           Power      Damage    Failure   Level
a - Foxfire               Conj/Fire      76%        2x1d7     2%          1

Your spell library contained the following spells:

 Spells                   Type           Power      Damage    Failure   Level
 Scorch                   Fire           38%        2d6       3%          2
 Inner Flame              Hex/Fire       11%        N/A       19%         3
 Kindle Blastsparks       Fire/Tloc/Air  16%        2d11      24%         3
 Flame Wave               Conj/Fire      19%        2d7       26%         4


Dungeon Overview and Level Annotations

Branches:
Dungeon (4/15) Zot: 19646  Temple (1/1) D:4 Zot: 5821

Altars:
Ashenzari
Dithmenos
Elyvilon
Gozag
Makhleb
Nemelex Xobeh
Sif Muna
Trog
Vehumet
Wu Jian
Xom
Zin
The Shining One

Annotations:
D:3 Natasha
D:4 Pikel


Innate Abilities, Weirdness & Mutations

You cannot wear most types of armour.
You are amphibious.
You can wear up to eight rings at the same time.
Your skin changes colour to match your surroundings (Stealth+).
Your rubbery body absorbs attacks. (AC +1, EV +1)
((You are camouflaged when in or above water. (Stealth+)))
You have tentacles for arms and can constrict up to eight enemies at once.


Message History

You now have 135 gold pieces (gained 7).
l - a scroll labelled CULEDY XIRR MP restored: 11
There is an open door here.
You now have 152 gold pieces (gained 17).
There is an open door here.
A kobold comes into view. It is wielding a +0 short sword.
You conjure some foxfire!
You now have 10/11 mp.
You conjure some foxfire!
You now have 9/11 mp.
You conjure some foxfire!
The foxfire hits the kobold.
The foxfire hits the kobold but does no damage.
You now have 8/11 mp.
You conjure some foxfire!
The foxfire hits the kobold!
You kill the kobold!
You now have 7/11 mp.
You now have 158 gold pieces (gained 6).
s - 28 stones (gained 4)
You see here a +0 short sword.
Found a stone staircase leading down.
MP restored: 11
Y - 2 scrolls of teleportation {@r3} (gained 1)
You open the door.
An adder comes into view.
There is an open door here.
The helpless adder fails to defend itself.
You puncture the adder!
The adder is poisoned.
You grab the adder. You constrict the adder. The adder bites you. x2
You take 3 damage, and have 33/36 hp.
You hit the adder. You constrict the adder.
You kill the adder!
You now have 165 gold pieces (gained 7).
You open the door. You open the door.
There is an open door here.
There is an open door here.
You open the door. You open the door.
There is an open door here.
As you open the door, it creaks loudly!
Health restored: 36
There is an open door here.
You open the door.
There is an open door here.
There is an open door here.
You open the door.
There is an open door here.
A lemure comes into view.
The lemure shouts!
You conjure some foxfire!
Pikel, Merchant of Souls comes into view.
He is wielding a +2 whip of flaming.
You now have 10/11 mp.
You conjure some foxfire!
The foxfire hits the lemure.
You now have 9/11 mp.
You conjure some foxfire!
The foxfire hits the lemure.
The foxfire hits the lemure but does no damage.
A lemure comes into view.
The foxfire hits the lemure.
You now have 8/11 mp.
The lemure shouts!
You hit the lemure.
The lemure is poisoned.
You grab the lemure. You constrict the lemure.
The foxfire hits the lemure.
You hit the lemure. You squeeze the lemure.
You constrict the lemure, but do no damage.
The lemure hits you.
You take 3 damage, and have 33/36 hp.
You barely miss the lemure. You constrict the lemure.
You kill the lemure!
That felt strangely unrewarding.
A lemure comes into view.
You conjure some foxfire!
The foxfire hits Pikel.
You now have 7/11 mp.
You hit Pikel.
Pikel is poisoned.
Your grab misses Pikel.
The foxfire hits Pikel but does no damage.
You hit Pikel.
Pikel looks as sick as possible!
Your grab misses Pikel. You squeeze Pikel! Pikel barely misses you.
You hit Pikel but do no damage.
Pikel looks as sick as possible!
Your grab misses Pikel. Your squeeze misses Pikel.
Pikel hits you with a +2 whip of flaming!
Pikel burns you. The lemure hits you.
You take 17 damage, and have 17/36 hp.
MASSIVE DAMAGE!!
Pikel attacks as you move away! Pikel closely misses you.
Pikel attacks as you move away! Pikel barely misses you.
You closely miss Pikel. You grab Pikel. You constrict Pikel, but do no damage.
Pikel misses you.
You hit Pikel but do no damage.
Pikel looks as sick as possible!
You constrict Pikel, but do no damage.
Pikel hits you with a +2 whip of flaming!
* * * LOW HITPOINT WARNING * * *
Pikel burns you.
* * * LOW HITPOINT WARNING * * *
A lemure comes into view.
You take 10 damage, and have 8/36 hp.
MASSIVE DAMAGE!!
You feel yourself speed up.
You constrict Pikel, but do no damage.
Pikel hits you with a +2 whip of flaming!
You die...
Your body crumbles into a pile of gold.

#..'.............'.# #.
#..###'###.###'###.# ##..#
#.# #.# #.# #.# #...#
#.###.###.# #.# #...#
#...'.'...# #.# #...#
#####.##### #.# ###...#
#.# #.#
....#.#######+#######.####
#####...........@K5....5..
##################5....###
.... ####### ###.


You could see Pikel (extremely poisoned) and 3 lemures.

Vanquished Creatures
  A lemure (D:4)
  A necrophage (D:4)
  2 orc priests
  Jessica (D:3)
  An orc wizard (D:3)
  3 adders
  4 worms
  4 dart slugs
  2 orcs (D:3)
  5 ball pythons
  3 endoplasms
  4 giant cockroaches
  4 goblins
  5 hobgoblins
  8 jackals (D:1)
  A quokka (D:2)
  4 bats
  2 frilled lizards
  8 kobolds
  5 rats
68 creatures vanquished.

Vanquished Creatures (others)
  175 foxfires
175 creatures vanquished.

Grand Total: 243 creatures vanquished

Notes
Turn   | Place    | Note
-------+----------+-------------------------------------------
     0 | D:1      | sokol815 the Octopode Fire Elementalist began the quest for
                  | the Orb.
     0 | D:1      | Reached XP level 1. HP: 11/11 MP: 3/3
   151 | D:1      | Reached XP level 2. HP: 17/17 MP: 0/5
   252 | D:1      | Reached skill level 2 in Conjurations
   769 | D:1      | Reached XP level 3. HP: 21/21 MP: 3/6
   983 | D:1      | Found a faded altar of an unknown god.
  1266 | D:2      | Reached skill level 3 in Conjurations
  2549 | D:3      | Reached XP level 4. HP: 27/27 MP: 3/7
  2695 | D:3      | Reached XP level 5. HP: 31/31 MP: 6/8
  2875 | D:3      | Found a sparkling altar of Nemelex Xobeh.
  2975 | D:3      | Noticed Jessica
  2998 | D:3      | Killed Jessica
  3083 | D:3      | Noticed Natasha
  3853 | D:4      | Found a staircase to the Ecumenical Temple.
  3858 | D:4      | Reached skill level 3 in Spellcasting
  3858 | D:4      | Reached skill level 4 in Fire Magic
  3861 | Temple   | Entered the Ecumenical Temple
  4023 | Temple   | Became a worshipper of Gozag Ym Sagoz the Greedy
  4157 | D:4      | Reached skill level 4 in Conjurations
  4157 | D:4      | Reached XP level 6. HP: 36/36 MP: 4/10
  4536 | D:4      | Noticed Pikel
  4549 | D:4      | HP: 8/36 [Pikel/+2 whip of flaming (2)]
  4550 | D:4      | Slain by Pikel

Illustrated notes

Levels and vault maps discovered:
D:1:      denvon_arrival_planthouse, layout_basic,
          shapermc_ecumenical_altar_mp_vishouse, minmay_shallow_snake_nest
D:2:      layout_basic
D:3:      layout_loops_corners, nemelex_diamond_rough_becter, uniq_jessica,
          uniq_natasha
D:4:      layout_basic, minmay_temple_entry_proselytizer, minmay_door_square,
          uniq_pikel
Temple:   dshaligram_water_room_temple

Skill      XL: |  1  2  3  4  5 |
---------------+----------------+-----
Conjurations   | 2 3 4 |  4.1
Spellcasting   | 3 |  3.3
Fire Magic     | 4 |  4.2
Dodging        | |  2.0
Stealth        | |  2.8

Action                   |  1- 3 |  4- 6 || total
-------------------------+-------+-------++-------
Melee: Dagger            |    25 |    37 ||    62
       Constrict         |    10 |    11 ||    21
       Tentacles         |     7 |     8 ||    15
       Unarmed           |     1 |       ||     1
 Cast: Foxfire           |    68 |    44 ||   112
  Use: Potion            |     1 |     1 ||     2
       Scroll            |     8 |     3 ||    11
 Stab: Sleeping          |     1 |     7 ||     8
Armor: Skin              |     2 |     1 ||     3
Dodge: Dodged            |    20 |    13 ||    33

Table legend: (Time is in decaauts)
 A = Elapsed time spent in this place.
 B = Non-inter-level travel time spent in this place.
 C = Inter-level travel time spent in this place.
 D = Time resting spent in this place.
 E = Time spent auto-exploring this place.
 F = Levels seen in this place.
 G = Mean time per level.
                   A        B        C        D        E       F      G
               +--------+--------+--------+--------+--------+-----+--------+
         Total |   4531 |   4412 |    119 |    331 |   3590 |   5 |  906.2 |
       Dungeon |   4352 |   4276 |     76 |    260 |   3536 |   4 | 1088.0 |
        Temple |    178 |    135 |     43 |     71 |     54 |   1 |  178.0 |
               +--------+--------+--------+--------+--------+-----+--------+

Top non-repeatable levels by time:
     D:2: 1375 daAuts
     D:1: 1163 daAuts
     D:3: 1072 daAuts
     D:4: 741 daAuts
  Temple: 178 daAuts

Table legend:
 A = Kills in this place as a percentage of kills in entire the game.
 B = Kills by you in this place as a percentage of kills by you in the entire game.
 C = Kills by friends in this place as a percentage of kills by friends in the entire game.
 D = Other kills in this place as a percentage of other kills in the entire game.
 E = Experience gained in this place as a percentage of experience gained in the entire game.
 F = Experience gained in this place divided by the number of levels of this place that you have seen.
                   A       B       C       D       E      F
               +-------+-------+-------+-------+-------+----------------------
         Total | 100.0 | 100.0 |   N/A |   N/A | 100.0 |  79.2
       Dungeon | 100.0 | 100.0 |   N/A |   N/A | 100.0 |  99.0
               +-------+-------+-------+-------+-------+----------------------
